 Dungeon Sprint DCSS version 0.17-a0-963-gaa5423c (webtiles) character file.

1035 ahoge the Spry (level 8, 0/43 HPs)
             Began as a Felid Monk on May 8, 2015.
             Slain by a komodo dragon (26 damage)
             ... in the Dungeon (Sprint IX: "|||||||||||||||||||||||||||||").
             The game lasted 00:12:53 (660 turns).

ahoge the Spry (Felid Monk)                          Turns: 660, Time: 00:12:53

Health: 0/43       AC:  4    Str:  5    XL:     8   Next: 3%
Magic:  9/9        EV: 34    Int: 14    God:    Xom [.*....]
Gold:   0          SH:  0    Dex: 22    Spells: 0 memorised, 7 levels left
                                        Lives:  0   Deaths: 2

rFire  . . .     SeeInvis +       - Unarmed
rCold  + . .     Clarity  .     (armour unavailable)
rNeg   . . .     SustAb   .     (shield unavailable)
rPois  .         Gourm    .     (helmet unavailable)
rElec  +         Spirit   .     (cloak unavailable)
rCorr  .         Warding  .     (gloves unavailable)
rMut   .         NoTele   +     (boots unavailable)
MR     +....                    (no amulet)
Stlth  ++++++....               m - +3 ring of intelligence
                                l - +2 ring of protection

@: quick, somewhat resistant to hostile enchantments, very stealthy
A: no armour, no weapons or thrown items, claws 1, fangs 3, see invisible,
carnivore 3, cold resistance 1, speed 1, shaggy fur 2, electricity resistance,
slow metabolism 1, weak 1, sharp paws
a: Renounce Religion


You were in the Dungeon.
You worshipped Xom.
You were a plaything of Xom.
You were not hungry.

You visited 1 branch

Inventory:

Jewellery
 l - a +2 ring of protection (left paw)
 m - a +3 ring of intelligence (right paw)
Magical devices
 k - a wand of draining (7)
Scrolls
 g - 3 scrolls of blinking
 i - 4 scrolls of remove curse
 j - 2 scrolls of amnesia
 q - a scroll of identify
 r - a scroll of fog
Potions
 b - 5 potions of curing
 c - a potion of invisibility
 d - a potion of haste
 e - 4 potions of magic
 f - a potion of berserk rage
 h - 6 potions of heal wounds
 n - a potion of brilliance
 o - a potion of cure mutation
 p - a potion of might
Comestibles
 a - a meat ration


   Skills:
 + Level 10.4 Fighting
 + Level 15.2 Dodging
 + Level 10.9 Stealth
 + Level 13.8 Unarmed Combat


You had 7 spell levels left.
You didn't know any spells.

Dungeon Overview and Level Annotations

Branches:
Dungeon (1/1)

Altars:
Cheibriados
Dithmenos
Elyvilon
Fedhas
Gozag
Kikubaaqudgha
Makhleb
Nemelex Xobeh
Okawaru
Qazlal
Ru
Sif Muna
Trog
Vehumet
Xom
Yredelemnul
Zin
The Shining One
Beogh
Jiyva
Lugonu

Shops:
D =(


Innate Abilities, Weirdness & Mutations

You cannot wear armour.
You are incapable of wielding weapons or throwing items.
You have sharp claws.
You have razor-sharp teeth.
You have supernaturally acute eyesight.
You are carnivorous and can eat meat at any time.
You cover ground quickly.
You are covered in thick fur (AC +2).
You have a slow metabolism.
Your sharp claws are effective at attacking unaware monsters.
Your flesh is cold resistant.
You are resistant to electric shocks.
You are weak. (Str -2)


Message History

You scratch the hippogriff but do no damage.
You bite the hippogriff, but do no damage.
The hippogriff is heavily wounded.
The hippogriff misses you. The hippogriff barely misses you.
The hippogriff closely misses you.
You claw the hippogriff!
The hippogriff is severely wounded.
The hippogriff misses you. x2
The hippogriff completely misses you.
You barely miss the hippogriff.
The hippogriff is severely wounded.
The hippogriff completely misses you. The hippogriff barely misses you.
The hippogriff misses you.
You claw the hippogriff!
You kill the hippogriff!
Welcome back to level 8!
You barely miss the komodo dragon. The komodo dragon bites you!!
Ouch! That really hurt!
You die...
Xom bursts into laughter!

∆∆∆∆ ∆∆∆∆∆∆∆∆ ∆∆∆∆∆∆∆∆ ∆∆∆∆ ∆
∆∆∆∆∆∆∆∆∆∆∆∆∆ ∆∆∆∆∆∆∆∆∆∆∆
▓▓▓▓▓▓▓▓▓▓▓▓▓▓▓▓▓▓▓▓▓▓▓▓
.'......)(..?.?'@ll.DrtH
▓▓▓▓▓▓▓▓▓▓▓▓▓▓▓▓▓▓▓▓▓▓▓▓▓▓▓▓▓▓▓▓▓
.................................
▓▓▓▓▓▓▓▓▓▓▓▓▓▓▓▓▓▓▓▓▓▓▓▓▓▓▓▓▓▓▓▓▓
.....'÷....'_____________________
▓▓▓▓▓▓▓▓▓▓▓▓▓▓▓▓▓▓▓▓▓▓▓▓▓▓▓▓▓▓▓▓▓


You could see an eight-headed hydra, a komodo dragon, a hippogriff, a crocodile,
an iguana and a river rat.

Vanquished Creatures
  A centaur warrior (D)
  A hill giant (D)
  An orc knight (D)
  A gargoyle (D)
  2 hippogriffs (D)
  2 hungry ghosts (D)
  A porcupine (D)
  A sky beast (D)
  A giant frog (D)
  A crimson imp (D)
  A worker ant (D)
  2 adders (D)
  An adder skeleton (D)
  2 giant geckos (D)
  An orc (D)
  A bat zombie (D)
  A goblin (D)
  A jackal (D)
  A ball python (D)
  2 giant cockroaches (D)
  A quokka zombie (D)
26 creatures vanquished.

Vanquished Creatures (others)
  A giant spore (D)
  A butterfly (D)
2 creatures vanquished.

Grand Total: 28 creatures vanquished

Notes
Turn   | Place    | Note
--------------------------------------------------------------
     0 | D        | ahoge, the Felid Monk, began the quest for the Orb.
     0 | D        | Reached XP level 1. HP: 10/10 MP: 2/2
   281 | D        | Noticed a sky beast
   281 | D        | Noticed a worker ant
   294 | D        | Killed a sky beast
   294 | D        | Reached skill level 5 in Fighting
   294 | D        | Reached skill level 7 in Dodging
   294 | D        | Reached XP level 2. HP: 4/16 MP: 3/3
   294 | D        | Reached XP level 3. HP: 4/19 MP: 4/4
   294 | D        | Reached XP level 4. HP: 4/23 MP: 5/5
   300 | D        | Killed a worker ant
   307 | D        | Reached skill level 8 in Dodging
   307 | D        | Reached XP level 5. HP: 25/27 MP: 6/6
   326 | D        | Gained mutation: You are resistant to electric shocks. [mutagenic meat]
   327 | D        | Gained mutation: You are weak. (Str -2) [mutagenic meat]
   328 | D        | Gained mutation: Your flesh is cold resistant. [mutagenic meat]
   333 | D        | Found a glowing silver altar of Zin.
   333 | D        | Found a glowing golden altar of the Shining One.
   333 | D        | Found an ancient bone altar of Kikubaaqudgha.
   333 | D        | Found a basalt altar of Yredelemnul.
   333 | D        | Found a shimmering altar of Xom.
   333 | D        | Found a radiant altar of Vehumet.
   334 | D        | Found an iron altar of Okawaru.
   335 | D        | Found a burning altar of Makhleb.
   336 | D        | Found a deep blue altar of Sif Muna.
   337 | D        | Found a bloodstained altar of Trog.
   338 | D        | Found a sparkling altar of Nemelex Xobeh.
   339 | D        | Found a white marble altar of Elyvilon.
   340 | D        | Found a roughly hewn altar of Beogh.
   341 | D        | Found a viscous altar of Jiyva.
   342 | D        | Found a corrupted altar of Lugonu.
   343 | D        | Found a blossoming altar of Fedhas.
   344 | D        | Found a snail-covered altar of Cheibriados.
   345 | D        | Found a shadowy altar of Dithmenos.
   346 | D        | Found a stormy altar of Qazlal.
   347 | D        | Found an opulent altar of Gozag.
   348 | D        | Found a sacrificial altar of Ru.
   380 | D        | Became a worshipper of Xom of Chaos
   415 | D        | Noticed a hill giant
   415 | D        | Noticed a hungry ghost
   415 | D        | Noticed a gargoyle
   415 | D        | Noticed a hungry ghost
   415 | D        | XOM: potion effect (berserk rage)
   422 | D        | Killed a hill giant
   422 | D        | Reached skill level 11 in Dodging
   422 | D        | Reached skill level 10 in Unarmed Combat
   422 | D        | Gained mutation: You are covered in thick fur (AC +2). [Felid growth]
   422 | D        | Reached XP level 6. HP: 33/33 MP: 7/7
   422 | D        | Reached XP level 7. HP: 36/36 MP: 8/8
   429 | D        | Killed a hungry ghost
   435 | D        | Killed a gargoyle
   435 | D        | Reached skill level 12 in Dodging
   435 | D        | Reached XP level 8. HP: 35/42 MP: 9/9
   442 | D        | Killed a hungry ghost
   500 | D        | XOM: harmless Divn miscast
   501 | D        | Noticed a crimson imp
   501 | D        | Noticed a hippogriff
   501 | D        | Noticed a centaur warrior
   503 | D        | Killed a crimson imp
   503 | D        | Reached skill level 13 in Dodging
   510 | D        | Killed a hippogriff
   512 | D        | Killed a centaur warrior
   512 | D        | Reached skill level 14 in Dodging
   512 | D        | Reached XP level 9. HP: 36/46 MP: 10/10
   512 | D        | Killed by an exploding giant spore
   513 | D        | Reached XP level 8. HP: 0/43 MP: 9/9
   516 | D        | XOM: divination: detect items
   520 | D        | Found Ynaski's Antique Weapon Shoppe.
   520 | D        | Noticed an orc sorcerer
   520 | D        | Noticed an orc sorcerer
   520 | D        | Noticed an orc knight
   521 | D        | Noticed an orc sorcerer
   524 | D        | Noticed a soul eater
   529 | D        | XOM: butterfly on damage
   532 | D        | XOM: potion effect (berserk rage)
   533 | D        | Killed an orc knight
   533 | D        | Reached skill level 10 in Fighting
   533 | D        | Reached skill level 10 in Stealth
   535 | D        | Found Gaps's Jewellery Emporium.
   535 | D        | Noticed an orc high priest
   538 | D        | HP: 3/64 [soul eater/drain life[an orc sorcerer] (10)]
   540 | D        | Killed from afar by a soul eater
   541 | D        | Reached XP level 7. HP: -11/58 MP: 8/8
   646 | D        | Noticed a porcupine
   646 | D        | Noticed a giant frog
   646 | D        | Noticed a hippogriff
   646 | D        | Noticed an iguana
   646 | D        | Noticed a komodo dragon
   647 | D        | Noticed a crocodile
   648 | D        | Killed a porcupine
   648 | D        | Reached skill level 15 in Dodging
   650 | D        | Killed a giant frog
   651 | D        | Noticed a hippogriff
   651 | D        | XOM: noise
   652 | D        | Noticed an eight-headed hydra
   659 | D        | Killed a hippogriff
   659 | D        | Reached XP level 8. HP: 26/43 MP: 9/9
   660 | D        | Slain by a komodo dragon

Action                   |  1- 3 |  4- 6 |  7- 9 || total
-------------------------+-------+-------+-------++-------
Melee: Unarmed           |    25 |    17 |    55 ||    97
  Use: Potion            |       |     1 |       ||     1
 Stab: Sleeping          |       |       |     4 ||     4
  Eat: Chunk             |       |     6 |       ||     6
